 Dungeon Crawl Stone Soup version 0.31.0-32-g396128a36d (webtiles) character file.

Game seed: 2158049083868348067

135 Bamboolord the Shield-Bearer (level 5, -2/32 (42) HPs)
             Began as a Formicid Fighter on Mar 9, 2024.
             Slain by a gnoll
             ... wielding a +0 halberd
              (12 damage)
             ... on level 4 of the Dungeon.
             The game lasted 00:05:22 (2306 turns).

Bamboolord the Shield-Bearer (Formicid Fighter)     Turns: 2306, Time: 00:05:22

HP:   -2/32 (42)    AC:  5    Str: 22    XL:     5   Next: 42%
MP:   5/5           EV: 10    Int:  8    God:
Gold: 68            SH:  5    Dex: 13    Spells: 4/4 levels left

rFire   . . .        a - +0 quarterstaff
rCold   . . .        c - +0 buckler
rNeg    . . .        f - +0 ring mail
rPois   .            (helmet unavailable)
rElec   .            (no cloak)
rCorr   .            (no gloves)
SInv    +            (no boots)
Will    .....        (no amulet)
Stlth   +            (no ring)
HPRegen 0.25/turn    (no ring)
MPRegen 0.09/turn

%: no passive effects
@: heavily drained
A: permanent stasis, dig shafts and tunnels, antennae 3, four strong arms
a: Dig, Shaft Self


You were on level 4 of the Dungeon.
You visited 1 branch of the dungeon, and saw 4 of its levels.

You collected 68 gold pieces.

Inventory:

Hand Weapons
 a - a +0 quarterstaff (weapon)
Armour
 c - a +0 buckler (worn)
 f - a +0 ring mail (worn)
Magical Staves
 i - a staff of alchemy
Wands
 h - a wand of digging (8)
Scrolls
 e - a scroll of vulnerability
 g - a scroll of revelation
 j - a scroll of immolation {unknown}
 k - a scroll of poison {unknown}
 l - a scroll of fog {unknown}
 m - a scroll of summoning {unknown}
Potions
 b - a potion of enlightenment {unknown}
 d - a potion of might


   Skills:
 + Level 3.9 Fighting
 + Level 3.2 Staves
 + Level 4.1 Armour
 * Level 2.3 Stealth
 + Level 4.5 Shields


You had 4 spell levels left.
You didn't know any spells.
Your spell library was empty.

Dungeon Overview and Level Annotations

Branches:
Dungeon (4/15)
 Temple: D:4-7

Altars:
Elyvilon

Shops:
D:2 (


Innate Abilities, Weirdness & Mutations

You cannot be hasted, slowed, berserked, paralysed or teleported.
You can dig through walls and to a lower floor.
You have a pair of large antennae on your head. (SInv)
Your four strong arms can wield two-handed weapons with a shield.


Message History

You dig through the rock wall.
You feel drained.
You dig through the rock wall.
You feel drained.
You dig through the rock wall.
You feel drained.
You start waiting.
A gnoll is nearby!
You dig through the rock wall.
You feel drained. The gnoll hits you with a +0 whip.
You dig through the rock wall.
You feel drained.
Non-targeted abil: Dig
Press: ? - help, Q - select action, (/) - cycle Dir - look around, f - activate
Okay, then.
You retract your mandibles.
You sock the gnoll!
The gnoll is heavily wounded.
The gnoll barely misses you. The gnoll hits you with a +0 whip.
You hit the gnoll.
The gnoll is severely wounded.
The gnoll hits you from afar with a +0 halberd!
The gnoll hits you with a +0 whip.
You sock the gnoll!
You kill the gnoll!
Unknown command.
You block the gnoll's attack.
Things that are here:
a +0 whip; a gnoll corpse The gnoll hits you but does no damage.
You sock the gnoll!
The gnoll is severely wounded.
The gnoll hits you with a +0 club.
You closely miss the gnoll.
The gnoll is severely wounded.
The gnoll hits you with a +0 club.
* * * LOW HITPOINT WARNING * * *
You hit the gnoll but do no damage.
The gnoll is severely wounded.
The gnoll closely misses you.
You sock the gnoll!
You kill the gnoll!
You barely miss the gnoll. The gnoll closely misses you.
You completely miss the gnoll. The gnoll hits you with a +0 halberd!
You die...

.## ## ## .# .#
##### .## ##...#####
..###....#...# #####
.(.#.....#...# #@).#
......#..#...####g##
.<....##..#...#.{##
......####....g###
.......# #...#####
.......# ###...#.##
........## #.>....##
.......###.#.......#
..................##


You could see a gnoll.

Vanquished Creatures
  5 gnolls
  4 adders
  2 dart slugs
  A ribbon worm (D:3)
  2 orcs (D:3)
  5 bats
  4 endoplasms
  A giant cockroach (D:2)
  4 goblins
  2 hobgoblins
  3 quokkas
  5 ball pythons
  3 frilled lizards
  2 kobolds
  5 rats
48 creatures vanquished.

Notes
Turn   | Place    | Note
-------+----------+-------------------------------------------
     0 | D:1      | Bamboolord the Formicid Fighter began the quest for the
                  | Orb.
     0 | D:1      | Reached XP level 1. HP: 18/18 MP: 1/1
   320 | D:1      | Reached XP level 2. HP: 24/24 MP: 2/2
   731 | D:2      | Found a white marble altar of Elyvilon.
   817 | D:2      | Reached skill level 1 in Stealth
   817 | D:2      | Reached XP level 3. HP: 19/29 MP: 3/3
   863 | D:2      | Reached XP level 4. HP: 8/37 MP: 4/4
  1121 | D:2      | Found Deazoik's Antique Weapon Emporium.
  1336 | D:3      | Found a faded altar of an unknown god.
  1800 | D:3      | Reached XP level 5. HP: 42/42 MP: 5/5
  2306 | D:4      | Slain by a gnoll

Illustrated notes

Levels and vault maps discovered:
D:1:      minmay_arrival_doors, layout_basic
D:2:      layout_rooms, basic_altar, serial_shops, nicolae_shop_behind_doors,
          minmay_misc_feat_tiny, kennysheep_flooded_box, minmay_misc_feat_chi,
          st_stairs_5
D:3:      minmay_wonky_spiral, layout_loops_ring, ebering_ecumenical_altar_hall
D:4:      layout_cave_pools, minmay_a_box_with_orc_wizards_in_it

Skill      XL: |  1  2  3  4  5 |
---------------+----------------+-----
Stealth        | 1 2 |  2.3
Armour         | 4 |  4.1
Staves         | 3 |  3.2
Fighting       | |  3.9
Shields        | |  4.5

Action                     |  1- 3 |  4- 6 || total
---------------------------+-------+-------++-------
  Melee: Quarterstaff      |    36 |    87 ||   123
Ability: Dig               |       |     1 ||     1
    Use: Scroll            |       |     5 ||     5
   Stab: Sleeping          |       |     4 ||     4
 Armour: Scale mail        |     2 |       ||     2
         Ring mail         |    19 |    50 ||    69
  Dodge: Dodged            |    19 |    31 ||    50
  Block: Buckler           |    13 |    21 ||    34
